 Dungeon Crawl Stone Soup version 0.27.1-33-g824d729ab1 (webtiles) character file.

Game seed: 6816555779499043998

397 KamiKatze the Sneak (level 6, 0/28 HPs)
             Began as a Spriggan Conjurer on Dec 9, 2021.
             Succumbed to a water moccasin's poison
             ... while paralysed
             ... on level 4 of the Dungeon on Dec 10, 2021.
             The game lasted 00:19:33 (4071 turns).

KamiKatze the Sneak (Spriggan Conjurer)             Turns: 4071, Time: 00:19:34

Health: 0/28       AC:  2    Str:  0 (3)  XL:     6   Next: 53%
Magic:  7/13       EV:  4    Int: 18 (21) God:
Gold:   177        SH:  0    Dex: 11 (14) Spells: 2/13 levels left

rFire    . . .     SeeInvis +   a - +2 dagger (venom)
rCold    . . .     Faith    .   (shield restricted)
rNeg     . . .     Spirit   .   e - +0 robe
rPois    .         Reflect  .   (helmet restricted)
rElec    .         Harm     .   (no cloak)
rCorr    .         Rampage  .   (gloves unavailable)
Will     +....                  (boots unavailable)
Stlth    +++.......             (no amulet)
HPRegen  0.02/turn              (no ring)
MPRegen  0.13/turn              (no ring)

@: paralysed, lethally poisoned (0 -> -8), attractive, hasted and slowed, lost
strength, very quick
A: very small, no large weapons, unfitting armour, see invisible, speed 3
a: no special abilities


You were on level 4 of the Dungeon.
You visited 1 branch of the dungeon, and saw 4 of its levels.

You collected 177 gold pieces.

Inventory:

Hand Weapons
 a - a +2 dagger of venom (weapon)
 n - a +0 flail
Missiles
 d - 140 stones
 g - 17 poisoned darts (quivered)
Armour
 e - a +0 robe (worn)
 h - a +0 leather armour
Scrolls
 b - 4 scrolls of identify {unknown}
 c - a scroll of torment {unknown}
 j - a scroll of acquirement {unknown}
 k - a scroll of holy word {unknown}
 r - a scroll of amnesia {unknown}
 s - a scroll of silence {unknown}
 t - a scroll of immolation {unknown}
Potions
 i - a potion of cancellation {unknown}
 l - a potion of heal wounds {unknown}
 m - a potion of attraction
 p - a potion of flight {unknown}
 q - a potion of curing {unknown}


   Skills:
 + Level 4.5 Dodging
 + Level 5.1 Stealth
 + Level 4.2 Spellcasting
 * Level 4.2 Conjurations
 + Level 2.0 Hexes
 + Level 2.0 Translocations


You had 2 spell levels left.
You knew the following spells:

 Your Spells              Type           Power      Damage    Failure   Level
a - Magic Dart            Conj           76%        1d6       2%          1
b - Searing Ray           Conj           38%        3d4       3%          2
c - Fulminant Prism       Conj/Hex       7%         3d7       36%         4
d - Iskenderun's Mystic   Conj/Tloc      15%        2d5       36%         4

Your spell library contained the following spells:

 Spells                   Type           Power      Damage    Failure   Level
 Apportation              Tloc           22%        N/A       6%          1
 Dazzling Flash           Conj/Hex       30%        N/A       12%         3
 Ozocubu's Armour         Ice            3%         N/A       41%         3
 Alistair's Intoxication  Tmut/Pois      2%         N/A       99%         5
 Invisibility             Hex            5%         N/A       100%        6
 Ozocubu's Refrigeration  Ice            1%         4d5       100%        7


Dungeon Overview and Level Annotations

Branches:
Dungeon (4/15)
 Temple: D:4-7

Altars:
Cheibriados
Kikubaaqudgha
Yredelemnul
Zin

Annotations:
D:4 exclusion: water moccasin


Innate Abilities, Weirdness & Mutations

You are very small and have problems with some larger weapons.
You are too small for most types of armour.
You have supernaturally acute eyesight. (SInv)
You cover ground extremely quickly. (Speed+++)


Message History

The searing ray hits the water moccasin.
The water moccasin is almost dead.
You finish channeling your searing ray.
You feel sick. The water moccasin misses you.
You feel sick. The water moccasin bites you.
You are lethally poisoned!
The water moccasin poisons you!
You closely miss the water moccasin.
The water moccasin is almost dead.
* * * LOW HITPOINT WARNING * * *
You feel very sick. The water moccasin barely misses you.
Unknown command.
Casting: Searing Ray (safe; 3% risk of failure)
Confirm with . or Enter, or press ? or * to list all spells.
Aiming: Searing Ray (safe; 3% risk of failure)
Press: ? - help, Shift-Dir - straight line, f/p - water moccasin
Aim: a water moccasin (almost dead, 63% to hit)
The searing ray hits the water moccasin.
You kill the water moccasin! (Press . to maintain the ray.)
* * * LOW HITPOINT WARNING * * *
You feel very sick.
Your Stealth skill increases to level 5!
Your Hexes skill increases to level 2!
Your Translocations skill increases to level 2!
It was a potion of attraction.
You feel attractive to monsters.
* * * LOW HITPOINT WARNING * * *
You feel very sick.
Unknown command.
It was a potion of haste.
You feel yourself speed up.
* * * LOW HITPOINT WARNING * * *
You feel sick.
Okay, then.
It was a potion of degeneration.
There was something very wrong with that liquid.
You feel weakened.
You have lost your strength.
You feel dopey.
You feel clumsy.
You die...

#############
##########...........#
#..........#########.#
#.########## #.# #.# #.#
####.########### #.#
...............# #.#
####.########..########.#
#.# #...@......(# #.#
##..†.......# #.#
#########..# #.# #..# #.#
#..# #.# #..# #.# #..#
#.# #..# #.# #..#########


There were no monsters in sight!

Vanquished Creatures
  A water moccasin (D:4)
  A jelly (D:4)
  An orc priest (D:4)
  3 orc wizards
  5 adders
  2 worms
  A dart slug (D:1)
  14 orcs
  5 ball pythons
  6 endoplasms
  A giant cockroach (D:2)
  11 goblins
  9 hobgoblins
  2 jackals (D:3)
  6 kobolds
  3 quokkas
  6 bats
  4 frilled lizards
  7 rats
88 creatures vanquished.

Notes
Turn   | Place    | Note
-------+----------+-------------------------------------------
     0 | D:1      | KamiKatze the Spriggan Conjurer began the quest for the
                  | Orb.
     0 | D:1      | Reached XP level 1. HP: 9/9 MP: 5/5
   188 | D:1      | Reached XP level 2. HP: 12/13 MP: 4/6
   191 | D:1      | Learned a level 2 spell: Searing Ray
   765 | D:1      | Reached XP level 3. HP: 12/16 MP: 2/8
  1336 | D:3      | Found a faded altar of an unknown god.
  1411 | D:3      | Reached XP level 4. HP: 20/21 MP: 3/10
  1424 | D:2      | Reached skill level 4 in Stealth
  1825 | D:3      | Learned a level 4 spell: Fulminant Prism
  2140 | D:3      | Found a basalt altar of Yredelemnul.
  2140 | D:3      | Found a glowing silver altar of Zin.
  2205 | D:3      | Found a snail-covered altar of Cheibriados.
  2364 | D:3      | Reached XP level 5. HP: 24/24 MP: 4/11
  2593 | D:3      | Learned a level 4 spell: Iskenderun's Mystic Blast
  2976 | D:4      | Reached skill level 1 in Hexes
  3491 | D:4      | Reached skill level 1 in Translocations
  3701 | D:4      | Noticed a water moccasin
  3755 | D:4      | Reached XP level 6. HP: 28/28 MP: 8/13
  3945 | D:4      | Found an ancient bone altar of Kikubaaqudgha.
  4068 | D:4      | Killed a water moccasin
  4069 | D:4      | Reached skill level 5 in Stealth
  4070 | D:4      | HP: 1/28 [poisoned by a water moccasin]
  4071 | D:4      | Lost strength.
  4071 | D:4      | Succumbed to a water moccasin's poison

Illustrated notes

Levels and vault maps discovered:
D:1:      arrival_zaba_pyramid, layout_loops_ring
D:2:      layout_rooms
D:3:      layout_basic, grunt_temple_overflow_open,
          mainiacjoe_overflow_six_doors_small, ebering_ecumenical_altar_mist,
          st_stairs_6, hangedman_abyss_or_decor_lesser_grid, corexii_shack
D:4:      layout_loops_ring, general_overflow_altar

Skill      XL: |  1  2  3  4  5  6 |
---------------+-------------------+-----
Conjurations   | 3 4 |  4.2
Dodging        | 3 4 |  4.5
Spellcasting   | 3 4 |  4.2
Stealth        | 4 5 |  5.1
Hexes          | 1 2 |  2.0
Translocations | 1 2 |  2.0

Action                   |  1- 3 |  4- 6 || total
-------------------------+-------+-------++-------
Melee: Dagger            |    31 |    26 ||    57
 Cast: Magic Dart        |    49 |    30 ||    79
       Searing Ray       |     7 |    20 ||    27
  Use: Potion            |       |     3 ||     3
 Stab: Sleeping          |     1 |     3 ||     4
Armor: Robe              |     1 |     9 ||    10
Dodge: Dodged            |    27 |    31 ||    58
